 Dungeon Crawl Stone Soup version 0.28-a0-503-g83f2989fac (webtiles) character file.

Game seed: 17230489625878237074

127 meatgazer the Skirmisher (level 4, -22/37 HPs)
             Began as a Demonspawn Abyssal Knight on Sept 20, 2021.
             Was a Believer of Lugonu.
             Killed by an exploding orc wizard (38 damage)
             ... ignited by their inner flame
             ... on level 3 of the Dungeon.
             The game lasted 00:03:54 (3264 turns).

meatgazer the Skirmisher (DsAK)                     Turns: 3264, Time: 00:03:55

Health: -22/37     AC:  4    Str: 15    XL:     4   Next: 85%
Magic:  7/7        EV: 11    Int: 13    God:    Lugonu [**....]
Gold:   84         SH:  0    Dex: 13    Spells: 4/4 levels left

rFire   . . .      SeeInvis .   a - +1 spear
rCold   . . .      Faith    .   (no shield)
rNeg    . . .      Spirit   .   b - +0 leather armour
rPois   .          Reflect  .   h - +0 helmet
rElec   .          Harm     .   (no cloak)
rCorr   .          Rampage  .   (no gloves)
Will    .....                   (no boots)
Stlth   +.........              (no amulet)
HPRegen 0.12/turn               (no ring)
MPRegen 0.10/turn               (no ring)

@: about to teleport
A: demonic guardian 1, big brain 1
a: Renounce Religion, Depart the Abyss, Bend Space


You were on level 3 of the Dungeon.
You worshipped Lugonu.
Lugonu was pleased with you.
You visited 1 branch of the dungeon, and saw 3 of its levels.
You visited the Abyss 1 time.

You collected 84 gold pieces.

Inventory:

Hand Weapons
 a - a +1 spear (weapon)
Armour
 b - a +0 leather armour (worn)
 h - a +0 helmet (worn)
Magical Staves
 n - a staff of fire
Jewellery
 g - a +6 ring of strength
 j - a ring of willpower
 l - a ring of positive energy
Scrolls
 e - a scroll of teleportation
 i - a scroll of identify
 m - a scroll of noise {unknown}
Potions
 d - a potion of berserk rage {unknown}
 f - a potion of curing
 k - a potion of heal wounds {unknown}
 o - a potion of mutation {unknown}
 p - a potion of lignification {unknown}
 q - a potion of experience {unknown}


   Skills:
 + Level 4.1 Fighting
 + Level 2.5 Polearms
 - Level 2.1 Armour
 - Level 0.9 Dodging
 + Level 0.7 Spellcasting
 * Level 4.1 Invocations


You had 4 spell levels left.
You didn't know any spells.
Your spell library was empty.

Dungeon Overview and Level Annotations

Branches:
Dungeon (3/15)

Altars:

Shops:
D:1 (


Innate Abilities, Weirdness & Mutations

A weak demonic guardian rushes to your aid.
You have an unusually large brain. (Int +2)


Message History

The orc wizard is moderately wounded.
The orc wizard gestures at you while chanting.
The magic dart hits you.
You hit the orc wizard.
The orc wizard is moderately wounded.
The orc wizard casts a spell at you. The magic dart hits you.
You hit the orc wizard.
The orc wizard is moderately wounded.
The orc wizard closely misses you.
You hit the orc wizard.
The orc wizard is severely wounded.
The orc wizard barely misses you.
You barely miss the orc wizard.
The orc wizard is severely wounded.
The orc wizard hits you with a +0 dagger.
You hit the orc wizard.
The orc wizard is severely wounded.
The orc wizard hits you with a +0 dagger.
You are too injured to fight recklessly!
You are too injured to fight recklessly!
You are too injured to fight recklessly!
You are too injured to fight recklessly!
Really read the scroll of immolation?
As you read the scroll of immolation, it crumbles to dust.
The creatures around you are filled with an inner flame!
The orc wizard hits you but does no damage.
As you read the scroll labelled NASTELL KALOHE, it crumbles to dust.
You feel strangely unstable.
It was a scroll of teleportation.
The orc wizard hits you but does no damage.
You hit the orc wizard.
Flame seeps out of the orc wizard.
The orc wizard is almost dead.
The orc wizard is engulfed in blazing flames.
Lugonu accepts your kill.
The orc wizard explodes!
The fiery explosion engulfs the orc!!
Lugonu accepts your kill. The fiery explosion engulfs you!!!
Ouch! That really hurt!
You die... #..### #. #.. .....##. #.# #........ ... ...##.#.. #.# #.....). oKo

#.##.... #§# #.
###.. #○# #.####..
# #@# # ####.......
#.##.##.#
#.>...#<...
#.......#
#.....#.##.
####.####
#.......##.
#.......#
#.....#####
#.##.##.# #..[..###
#.##.##.# ###.....#
#.##..#.#####.###.#
#.###.#.#.......#.#


You could see 2 orcs and a kobold (inner flame).

Vanquished Creatures
  An orc wizard (D:3)
  A hound skeleton (D:2)
  5 adders
  2 dart slugs
  2 orcs (D:3)
  7 endoplasms
  4 goblins
  7 hobgoblins
  7 jackals
  4 kobolds
  4 quokkas
  5 ball pythons
  5 bats
  3 frilled lizards
  4 rats (D:1)
61 creatures vanquished.

Notes
Turn   | Place    | Note
-------+----------+-------------------------------------------
     0 | Abyss:1  | meatgazer the Demonspawn Abyssal Knight began the quest for
                  | the Orb.
     0 | Abyss:1  | Reached XP level 1. HP: 18/18 MP: 2/2
    40 | Abyss:2  | Found a corrupted altar of Lugonu.
    57 | Abyss:2  | Noticed a worldbinder
    58 | Abyss:3  | Found a corrupted altar of Lugonu.
    61 | Abyss:3  | Noticed a smoke demon
    70 | D:1      | Escaped the Abyss
    99 | D:1      | Found Vorghoeje's Weapon Shoppe.
   128 | D:2      | Gained mutation: A weak demonic guardian rushes to your
                  | aid. [demonic ancestry]
   128 | D:2      | Reached XP level 2. HP: 14/24 MP: 3/3
   317 | D:2      | Found a faded altar of an unknown god.
   432 | D:2      | Gained mutation: You have an unusually large brain. (Int
                  | +2) [demonic ancestry]
   432 | D:2      | Reached XP level 3. HP: 30/30 MP: 4/4
   514 | D:2      | Reached * piety under Lugonu
  1191 | D:1      | Reached XP level 4. HP: 17/37 MP: 6/6
  1965 | D:1      | Reached ** piety under Lugonu
  3264 | D:3      | Killed by an exploding orc wizard... ignited by their inner
                  | flame

Illustrated notes

Levels and vault maps discovered:
D:1:      psy_arrival_spokes, layout_basic, serial_shops, shop, minmay_circled_x
D:2:      layout_loops_corners, hellmonk_ecumenical_altar_blasted,
          solitary_fountain
D:3:      layout_loops_cross

Skill      XL: |  1  2  3  4 |
---------------+-------------+-----
Armour         | 2 |  2.1
Polearms       | 2 |  2.5
Invocations    | 3 4 |  4.1
Fighting       | 4 |  4.1
Dodging        | |  0.9
Spellcasting   | |  0.7

Action                   |  1- 3 |  4- 6 || total
-------------------------+-------+-------++-------
Melee: Spear             |    96 |   124 ||   220
Invok: Depart the Abyss  |     1 |       ||     1
  Use: Scroll            |     2 |     3 ||     5
 Stab: Sleeping          |       |     2 ||     2
Armor: Leather armour    |    18 |    30 ||    48
Dodge: Dodged            |    69 |    47 ||   116

Table legend: (Time is in decaauts)
 A = Elapsed time spent in this place.
 B = Non-inter-level travel time spent in this place.
 C = Inter-level travel time spent in this place.
 D = Time resting spent in this place.
 E = Time spent auto-exploring this place.
 F = Levels seen in this place.
 G = Mean time per level.
                   A        B        C        D        E       F      G
               +--------+--------+--------+--------+--------+-----+--------+
         Total |   3261 |   3134 |    127 |    386 |   2299 |   6 |  543.5 |
       Dungeon |   3192 |   3065 |    127 |    386 |   2266 |   3 | 1064.0 |
         Abyss |     69 |     69 |      0 |      0 |     33 |   3 |   23.0 |
               +--------+--------+--------+--------+--------+-----+--------+

Top non-repeatable levels by time:
     D:2: 1447 daAuts
     D:1: 1190 daAuts
     D:3: 553 daAuts
 Abyss:1: 39 daAuts
 Abyss:2: 18 daAuts
 Abyss:3: 11 daAuts
